 Dungeon Crawl Stone Soup version 0.19.5 (webtiles) character file.

235 doot the Sneak (level 6, -5/32 HPs)
             Began as a Kobold Enchanter on May 5, 2017.
             Slain by an orc warrior
             ... wielding a +0 trident
              (9 damage)
             ... on level 6 of the Dungeon.
             The game lasted 00:06:50 (2265 turns).

doot the Sneak (Kobold Enchanter)                   Turns: 2265, Time: 00:06:50

Health: -5/32      AC:  3    Str:  6    XL:     6   Next: 26%
Magic:  7/10       EV: 17    Int: 17    God:
Gold:   127        SH:  0    Dex: 16    Spells: 4 memorised, 1 level left

rFire  . . .     SeeInvis .     a - +1 dagger
rCold  . . .     Gourm    .     b - +1 robe
rNeg   . . .     Faith    .     (shield restricted)
rPois  .         Spirit   .     (no helmet)
rElec  .         Reflect  .     (no cloak)
rCorr  .         Harm     .     (no gloves)
MR     .....                    (no boots)
Stlth  +++.......               (no amulet)
                                (no ring)
                                (no ring)

@: no status effects
A: carnivore 3
a: no special abilities


You were on level 6 of the Dungeon.
You were not hungry.

You visited 1 branch of the dungeon, and saw 6 of its levels.

You collected 127 gold pieces.

Inventory:

Hand Weapons
 a - a +1 dagger (weapon)
Missiles
 h - 9 poisoned needles
Armour
 b - a +1 robe (worn)
Scrolls
 e - a scroll of magic mapping {unknown}
 f - 3 scrolls of identify {unknown}
 j - a scroll of teleportation {unknown}
 n - a scroll of recharging {unknown}
 o - a scroll of remove curse {unknown}
Potions
 g - a potion of cure mutation {unknown}
 i - a potion of lignification {unknown}
 k - a potion of agility {unknown}
 l - a potion of haste {unknown}
 m - 2 potions of curing {unknown}
Books
 c - a book of Maledictions

   Spells                             Type                      Level
   a - Corona                         Hexes                        1
   b - Ensorcelled Hibernation        Hexes/Ice                    2
   c - Confuse                        Hexes                        3
   d - Tukima's Dance                 Hexes                        3
   e - Dazzling Spray                 Conjuration/Hexes            3
Comestibles
 d - 2 meat rations


   Skills:
 * Level 2.8 Short Blades
 * Level 3.9 Dodging
 * Level 5.5 Stealth
 + Level 2.9 Spellcasting
 * Level 4.1 Hexes
 + Level 1.4 Ice Magic


You had one spell level left.
You knew the following spells:

 Your Spells              Type           Power        Failure   Level  Hunger
a - Corona                Hex            ###....      3%          1    #......
b - Ensorcelled Hibernat  Hex/Ice        ##....       10%         2    ##.....
c - Confuse               Hex            ###.....     12%         3    ###....
d - Tukima's Dance        Hex            ###.....     12%         3    ###....


Dungeon Overview and Level Annotations

Branches:
Dungeon (6/15)
 Temple: D:4-7

Altars:


Innate Abilities, Weirdness & Mutations

You are small and have problems with some larger weapons.
You are carnivorous and can eat meat at any time.


Message History

You closely miss the orc warrior.
The orc warrior is almost dead.
The orc warrior hits you with a trident.
You hit the orc warrior but do no damage.
The orc warrior is almost dead.
The orc barely misses you.
The orc warrior hits you with a trident!
* * * LOW HITPOINT WARNING * * *
You barely miss the orc warrior.
The orc warrior is almost dead.
The orc misses you. The orc warrior misses you.
You hit the orc warrior but do no damage.
The orc warrior is almost dead.
You closely miss the orc warrior.
The orc warrior is almost dead.
The orc barely misses you. The orc warrior closely misses you.
You hit the orc warrior but do no damage.
The orc warrior is almost dead.
The orc warrior hits you with a trident!
You die...

##### #########
##....########.......#
#...........ooo......#
#...........@#.......#
#............#.......'......
#.......######.......#......
#.....<.#......#######......
#.......#...o..# .....
#.......#......# .....
##########......# ....
......o....###### ....
...........#


You could see an orc warrior and 2 orcs.

Vanquished Creatures
  An ogre (D:4)
  A scorpion (D:5)
  2 iguanas (D:6)
  A worker ant (D:4)
  An ooze (D:1)
  A dart slug (D:1)
  4 bats
  A giant cockroach (D:1)
  2 goblins (D:1)
  3 hobgoblins (D:1)
  2 frilled lizards (D:1)
  5 kobolds (D:1)
  2 rats (D:1)
26 creatures vanquished.

Notes
Turn   | Place    | Note
-------+----------+-------------------------------------------
     0 | D:1      | doot the Kobold Enchanter began the quest for the Orb.
     0 | D:1      | Reached XP level 1. HP: 10/10 MP: 3/3
   446 | D:1      | Reached XP level 2. HP: 15/15 MP: 5/5
   522 | D:1      | Learned a level 2 spell: Ensorcelled Hibernation
   828 | D:1      | Reached XP level 3. HP: 15/19 MP: 2/6
   833 | D:1      | Learned a level 3 spell: Confuse
  1328 | D:4      | Noticed an ogre
  1370 | D:4      | Killed an ogre
  1370 | D:4      | Reached skill level 5 in Stealth
  1370 | D:4      | Reached skill level 1 in Ice Magic
  1370 | D:4      | Reached XP level 4. HP: 6/24 MP: 2/7
  1370 | D:4      | Reached XP level 5. HP: 7/28 MP: 2/8
  1603 | D:4      | Learned a level 3 spell: Tukima's Dance
  1782 | D:5      | Entered Level 5 of the Dungeon
  1980 | D:6      | Reached XP level 6. HP: 32/32 MP: 10/10
  2230 | D:6      | Noticed an orc warrior
  2265 | D:6      | Slain by an orc warrior

Skill      XL: |  1  2  3  4  5 |
---------------+----------------+-----
Short Blades   | 2 |  2.8
Dodging        | 3 |  3.9
Stealth        | 5 |  5.5
Ice Magic      | 1 |  1.4
Hexes          | 4 |  4.1
Spellcasting   | |  2.9

Action                   |  1- 3 |  4- 6 || total
-------------------------+-------+-------++-------
Melee: Dagger            |    86 |    18 ||   104
 Cast: Corona            |    11 |       ||    11
       Ensorcelled Hiber |    16 |    10 ||    26
       Confuse           |       |     2 ||     2
 Stab: Sleeping          |    10 |     5 ||    15
  Eat: Meat ration       |     1 |       ||     1
Armor: Robe              |    16 |       ||    16
Dodge: Dodged            |    74 |    22 ||    96
